 Dungeon Crawl Stone Soup version 0.27.0-1-g7a089689b8 (webtiles) character file.

Game seed: 5393564948454864195

186 ZARRMARR the Firebug (level 5, -2/37 (40) HPs)
             Began as a Draconian Fire Elementalist on Aug 3, 2021.
             Slain by an orc (7 damage)
             ... on level 2 of the Dungeon.
             The game lasted 00:14:47 (6447 turns).

ZARRMARR the Firebug (Draconian Fire Elementalist)  Turns: 6447, Time: 00:14:48

HP:   -2/37 (40)    AC:  6    Str: 10    XL:     5   Next: 38%
MP:   8/8           EV: 12    Int: 17    God:
Gold: 88            SH:  0    Dex: 11    Spells: 8/9 levels left

rFire    . . .     SeeInvis .   b - +1 whip
rCold    . . .     Faith    .   (no shield)
rNeg     . . .     Spirit   .   (armour unavailable)
rPois    .         Reflect  .   (helmet restricted)
rElec    .         Harm     .   (no cloak)
rCorr    .         Rampage  .   (no gloves)
Will     .....                  d - +0 pair of boots
Stlth    ++........             (no amulet)
HPRegen  0.12/turn              (no ring)
MPRegen  0.11/turn              (no ring)

@: drained
A: AC +5, unfitting armour, cold-blooded
a: no special abilities


You were on level 2 of the Dungeon.
You visited 1 branch of the dungeon, and saw 3 of its levels.

You collected 88 gold pieces.

Inventory:

Hand Weapons
 b - a +1 whip (weapon)
Missiles
 i - 12 stones (quivered)
Armour
 d - a +0 pair of boots (worn)
Scrolls
 f - 2 scrolls of identify {unknown}
 g - a scroll of teleportation {unknown}
 k - a scroll of enchant weapon
 l - a scroll of torment {unknown}
Potions
 c - a potion of curing {unknown}
 e - 2 potions of degeneration {unknown}
 h - 2 potions of heal wounds {unknown}
 j - a potion of flight {unknown}


   Skills:
 + Level 1.1 Fighting
 + Level 2.5 Maces & Flails
 + Level 0.3 Throwing
 + Level 2.7 Dodging
 + Level 2.3 Stealth
 + Level 2.6 Spellcasting
 + Level 1.4 Conjurations
 + Level 3.6 Fire Magic


You had 8 spell levels left.
You knew the following spells:

 Your Spells              Type           Power      Damage    Failure   Level
a - Foxfire               Conj/Fire      40%        2x1d6     6%          1

Your spell library contained the following spells:

 Spells                   Type           Power      Damage    Failure   Level
 Sting                    Tmut/Pois      8%         1d3       19%         1
 Conjure Flame            Conj/Fire      10%        6-21      19%         3
 Inner Flame              Hex/Fire       8%         N/A       26%         3
 Poisonous Vapours        Pois/Air       4%         N/A       28%         2
 Sticky Flame             Conj/Fire      10%        2d3       54%         4
 Fireball                 Conj/Fire      5%         3d5       87%         5
 Olgreb's Toxic Radiance  Pois           2%         N/A       88%         4


Dungeon Overview and Level Annotations

Branches:
Dungeon (3/15)

Altars:


Innate Abilities, Weirdness & Mutations

Your plain brown scales are hard. (AC +5)
You cannot fit into any form of body armour.
You are cold-blooded and may be slowed by cold attacks.


Message History

The orc priest is moderately wounded.
The foxfire hits the orc priest but does no damage.
The orc priest is moderately wounded.
The orc completely misses you.
You hit the orc priest.
The orc priest is heavily wounded.
The orc wizard gestures at you while chanting.
The puff of flame hits you!
The orc priest hits you but does no damage.
The orc barely misses you.
The orc priest hits you with a +0 short sword.
The orc barely misses you.
You climb upwards.
There is a stone staircase leading down here.
You see here a +0 club.
You hit the orc priest.
Your tail-slap misses the orc priest.
The orc priest is severely wounded.
The orc priest mumbles some strange prayers to Beogh against you.
Pain shoots through your body! The orc hits you but does no damage.
You hit the orc priest.
You kill the orc priest!
The orc misses you.
Your Fighting skill increases to level 1!
You closely miss the orc.
You tail-slap the orc, but do no damage.
You closely miss the orc. The orc hits you but does no damage.
You barely miss the orc. The orc hits you but does no damage.
You hit the orc.
The orc is lightly wounded.
The orc hits you with a +0 flail!
* * * LOW HITPOINT WARNING * * *
You closely miss the orc.
The orc is lightly wounded.
The orc hits you with a +0 flail.
* * * LOW HITPOINT WARNING * * *
Items here: )) [ †.
You hit the orc.
The orc is moderately wounded.
The orc hits you with a +0 flail!
You die...

..................###.#
#.... .................##
#.## #..#.
...............#.#
#..######..##
###.#........###.#
##..#.....###
#.#........###.# ##...#.###
# #.#............# #..##.#
#.#.......).#########...#.#
#.#####.....).)##.....#...#
#.# #..##.##@o..######..#
#.# ##..#.#####.### #<.##
## ##.# ##....#
#...####...###. #..#
####..####.#......#.....
#.##
#...)>.##..#####....###.
#.# #.####..>.## ##.####..
#.# #.##...#### #..# #.#
#.# #....#..## #.#####.#
#)# #..####..# #.#.....#


You could see an orc.

Vanquished Creatures
  An orc priest (D:2)
  Natasha (thrice) (D:2)
  Robin (D:2)
  An adder (D:2)
  3 dart slugs
  3 orcs
  5 bats
  A giant cockroach (D:1)
  13 goblins
  9 hobgoblins
  4 jackals (D:1)
  4 quokkas
  4 kobolds
  2 rats
54 creatures vanquished.

Vanquished Creatures (others)
  91 foxfires
  A plant (D:3)
92 creatures vanquished.

Grand Total: 146 creatures vanquished

Notes
Turn   | Place    | Note
-------+----------+-------------------------------------------
     0 | D:1      | ZARRMARR the Draconian Fire Elementalist began the quest
                  | for the Orb.
     0 | D:1      | Reached XP level 1. HP: 14/14 MP: 3/3
   279 | D:1      | Reached XP level 2. HP: 20/20 MP: 1/5
   635 | D:1      | Found a faded altar of an unknown god.
  1390 | D:2      | Reached XP level 3. HP: 19/26 MP: 4/6
  1661 | D:2      | Noticed Natasha
  1670 | D:2      | Killed Natasha
  1671 | D:2      | Reached skill level 1 in Maces & Flails
  1671 | D:2      | Noticed Robin
  1693 | D:2      | Killed Robin
  1694 | D:2      | Reached XP level 4. HP: 24/34 MP: 2/7
  1743 | D:2      | Noticed Natasha
  1751 | D:2      | Killed Natasha
  2208 | D:2      | Noticed Natasha
  2229 | D:2      | HP: 1/34 [Natasha/magic dart (2)]
  2230 | D:2      | Killed Natasha
  2231 | D:2      | Reached XP level 5. HP: 1/39 MP: 2/8
  6441 | D:2      | Reached skill level 1 in Fighting
  6447 | D:2      | Slain by an orc

Illustrated notes

Levels and vault maps discovered:
D:1:      minmay_arrival_radiant_lines, layout_basic,
          shapermc_ecumenical_altar_pompeii
D:2:      layout_rooms, uniq_robin, uniq_natasha
D:3:      wander_river, layout_rooms, serial_shops, nicolae_shop_waterfront,
          minmay_misc_feat_ornament, chequers_serial_rivers_micro_a,
          serial_bayou_crossing

Skill      XL: |  1  2  3  4  5 |
---------------+----------------+-----
Dodging        | 2 |  2.7
Maces & Flails | 1 2 |  2.5
Stealth        | 2 |  2.3
Fighting       | 1 |  1.1
Throwing       | |  0.3
Spellcasting   | |  2.6
Conjurations   | |  1.4
Fire Magic     | |  3.6

Action                   |  1- 3 |  4- 6 || total
-------------------------+-------+-------++-------
Melee: Whip              |    81 |    86 ||   167
       Tailslap          |     8 |     8 ||    16
Throw: Stone             |       |    25 ||    25
 Cast: Foxfire           |    26 |    23 ||    49
  Use: Scroll            |     4 |     1 ||     5
 Stab: Sleeping          |     1 |       ||     1
Armor: Skin              |    36 |    18 ||    54
Dodge: Dodged            |    60 |    69 ||   129
